 Dungeon Crawl Stone Soup version 0.31-a0-1405-g2bb1a01664 (webtiles) character file.

Game seed: 16379224895755534793

20781 jasper the Cleaver (level 12, -8/95 HPs)
             Began as a Demonspawn Reaver on Dec 25, 2023.
             Was a High Priest of Cheibriados.
             Killed by divine providence
             ... invoked by Saint Roka
              (11 damage)
             ... on level 2 of the Orcish Mines.
             The game lasted 00:18:36 (8558 turns).

jasper the Cleaver (Demonspawn Reaver)              Turns: 8558, Time: 00:18:37

Health: -8/95      AC: 19    Str: 30    XL:     12   Next: 48%
Magic:  19/19      EV: 22    Int: 29    God:    Cheibriados [*****.]
Gold:   1636       SH:  4    Dex: 29    Spells: 10/15 levels left

rFire   . . .        E - +2 war axe (flame)
rCold   . . .        (no shield)
rNeg    + . .        P - +0 plate armour
rPois   +            F - +0 helmet
rElec   .            w - +2 cloak "Povoc" {rPois rN+ rCorr Dex+3}
rCorr   +            (no gloves)
SInv    .            D - +0 pair of boots
Will    .....        g - amulet of regeneration Stlth
                     T - ring of resist corrosion
HPRegen 1.15/turn    (no ring)
MPRegen 0.16/turn

%: no passive effects
@: mighty, agile, very slow
A: repulsion field 2, powered by pain 2, condensation shield, weakness stinger 2
a: Renounce Religion, Bend Time, Temporal Distortion, Slouch, Step From Time


You were on level 2 of the Orcish Mines.
You worshipped Cheibriados.
Cheibriados was extremely pleased with you.
You visited 3 branches of the dungeon, and saw 15 of its levels.
You also visited: Ossuary, Bailey and Ice Cave.

You collected 1824 gold pieces.
You spent 188 gold pieces at shops.

Inventory:

Hand Weapons
 E - a +2 war axe of flaming (weapon)
 Q - a +2 battleaxe
 Y - a +3 battleaxe
Missiles
 d - 15 poisoned darts
 r - 126 stones
 v - 6 darts of dispersal
 R - 5 boomerangs
Armour
 b - a +0 leather armour
 c - a +1 scale mail
 e - a +0 chain mail
 n - a +0 cloak
 s - a +0 chain mail
 w - the +2 cloak "Povoc" (worn) {rPois rN+ rCorr Dex+3}
   (You found it on level 2 of the Dungeon)

   Dex+3:     It affects your dexterity (+3).
   rPois:     It protects you from poison rN+: It protects you from negative
   energy.
   rCorr:     It protects you from acid and corrosion.
 x - a +0 chain mail
 D - a +0 pair of boots (worn)
 F - a +0 helmet (worn)
 P - a +0 plate armour (worn)
 S - a +1 hat
Jewellery
 g - an amulet of regeneration (around neck)
 A - an amulet of the acrobat
 C - a +6 ring of strength
 T - a ring of resist corrosion (left hand)
Wands
 l - a wand of polymorph (4)
 B - a wand of flame (33)
 U - a wand of roots (3)
Scrolls
 o - 10 scrolls of teleportation
 q - 2 scrolls of identify
 y - a scroll of immolation
 G - 2 scrolls of blinking
 H - 3 scrolls of brand weapon
 K - 2 scrolls of enchant armour
 L - a scroll of amnesia
 M - 2 scrolls of poison
 N - 8 scrolls of noise
 X - 2 scrolls of enchant weapon
Potions
 f - a potion of enlightenment
 h - 4 potions of haste
 i - a potion of attraction
 j - a potion of berserk rage
 k - 7 potions of curing
 m - 2 potions of magic
 p - 5 potions of might
 t - 3 potions of invisibility
 u - 2 potions of mutation
 z - a potion of lignification
 J - 2 potions of cancellation {unknown}
 O - 2 potions of resistance {unknown}
 W - 2 potions of brilliance {unknown}
Miscellaneous
 a - a phantom mirror (inert)


   Skills:
 + Level 9.0 Fighting
 - Level 13.0 Axes
 + Level 7.4 Armour
 + Level 6.9 Dodging
 - Level 2.0 Spellcasting
 - Level 3.0 Conjurations
 - Level 10.0 Invocations


You had 10 spell levels left.
You knew the following spells:

 Your Spells              Type           Power      Damage    Failure   Level
a - Yara's Violent Unrav  Hex/Alch       1%         3d3       100%        5

Your spell library contained the following spells:

 Spells                   Type           Power      Damage    Failure   Level
 Kiss of Death            Conj/Necr      44%        2d8       36%         1
 Momentum Strike          Conj/Tloc      22%        3d8       50%         2
 Slow                     Hex            8%         N/A       56%         1
 Jinxbite                 Hex            4%         N/A       71%         2
 Hailstorm                Conj/Ice       11%        3d6       75%         3
 Confusing Touch          Hex            2%         N/A       91%         3
 Sigil of Binding         Hex            2%         N/A       91%         3
 Vampiric Draining        Necr           2%         2d6       91%         3
 Volatile Blastmotes      Fire/Tloc      4%         2d10      91%         3
 Fulminant Prism          Conj/Alch      5%         3d7       98%         4
 Iskenderun's Mystic Bla  Conj/Tloc      11%        2d4       98%         4
 Olgreb's Toxic Radiance  Alch           2%         N/A       100%        4
 Enfeeble                 Hex            1%         N/A       100%        7
 Ozocubu's Refrigeration  Ice            1%         4d7       100%        7
 Discord                  Hex            1%         N/A       100%        8


Dungeon Overview and Level Annotations

Branches:
Dungeon (12/15)            Temple (1/1) D:4            Lair (0/5) D:9
    Orc (2/2) D:10        Ossuary (visited)          Bailey (visited)
  IceCv (visited)
    Elf: Orc:2

Altars:
Ashenzari
Cheibriados
Dithmenos
Fedhas
Gozag
Hepliaklqana
Kikubaaqudgha
Makhleb
Nemelex Xobeh
Okawaru
Qazlal
Ru
Sif Muna
Trog
Uskayaw
Vehumet
Wu Jian
Xom
Yredelemnul

Shops:
D:2 !   D:7 [

Annotations:
D:7 3 runed translucent doors
Temple 2 transporters
Orc:2 Saint Roka


Innate Abilities, Weirdness & Mutations

You are surrounded by a moderate repulsion field. (EV +3)
You sometimes gain power by taking damage.
A meltable shield of frost defends you. (SH +4)
You have a tail ending in a sharp stinger.


Message History

An orc comes into view. It is wielding a +0 whip.
The orc warrior shoots an arrow.
The arrow hits you but does no damage.
Saint Roka calls down the wrath of Beogh upon you.
Beogh smites you!
* * * LOW HITPOINT WARNING * * *
You focus on the pain.
You feel agile all of a sudden.
You take 9 damage, and have 23/95 hp.
As you read the scroll of teleportation, it crumbles to dust.
You feel strangely unstable.
A kobold blastminer comes into view.
An orc comes into view. It is wielding a +0 dagger.
The orc warrior shoots an arrow.
The arrow closely misses you.
Saint Roka mumbles some strange prayers to Beogh against you.
Beogh smites you!
* * * LOW HITPOINT WARNING * * *
You take 9 damage, and have 14/95 hp.
You feel much better. Something barely misses you.
Saint Roka hits you with a +2 heavy glaive!!
* * * LOW HITPOINT WARNING * * *
You take 2 damage, and have 12/95 hp.
You closely miss something. You hit Saint Roka. You burn Saint Roka.
Something hits you but does no damage.
The orc warrior shoots an arrow.
The arrow misses you.
You hit something. You burn something.
Your tail-slap misses something.
You hit Saint Roka. You burn Saint Roka.
Your surroundings seem slightly different.
Saint Roka says, "Down here, you're an orc or you're nobody."
Saint Roka roars a battlecry!
The orcs go into a battle-frenzy!
The orc warrior shoots an arrow.
The arrow completely misses you.
Saint Roka mumbles some strange prayers to Beogh against you.
Beogh smites you!
* * * LOW HITPOINT WARNING * * *
The kobold blastminer wields a +0 arbalest.
The kobold blastminer shoots a bolt.
The bolt hits you but does no damage.
Saint Roka mumbles some strange prayers to Beogh against you.
Beogh smites you!
You die...
Saint Roka roars, "Praise to Beogh!"

##.#...............$......
#..............$.........$
#.........................
##.$......................
##.......$...............
##...$.............#.....
##................
#.......).........
##.......@......#.
#......)[[[.......
##.......)[)......
#.......)§oo.....
#....#.#..o.......
#.....###)o[o....$ ##.#..
....o..... ####.
##.))...K.. ..........


You could see Saint Roka, a kobold blastminer, an orc warrior (strong) and 4
orcs.

Vanquished Creatures
  Gastronok (D:8)
  An orc warlord (Bailey)
  4 two-headed ogres
  An ugly thing (IceCv)
  Pikel (D:7)
  A deep elf pyromancer (D:11)
  2 orc sorcerers
  A wolf spider (D:11)
  2 gargoyles
  A kobold demonologist (D:10)
  An anaconda simulacrum (IceCv)
  6 trolls
  Sigmund (D:2)
  A wraith (D:11)
  A dire elephant simulacrum (IceCv)
  18 yaks
  A warg (Orc:2)
  Grum (D:8)
  A death yak simulacrum (IceCv)
  Edmund (D:6)
  2 water moccasins
  24 orc warriors
  An ice beast (D:9)
  A black bear (D:5)
  6 centaurs
  6 ogres
  2 wolves (D:8)
  2 phantoms
  4 bullfrogs
  2 gnoll sergeants (D:8)
  A scorpion (D:7)
  13 wights
  2 burial acolytes (Ossuary)
  An elephant simulacrum (IceCv)
  3 killer bees (D:11)
  6 howler monkeys
  A bombardier beetle (D:4)
  A centaur zombie (Ossuary)
  3 hounds
  2 jellies
  7 orc priests
  2 sleepcaps
  5 iguanas
  11 orc wizards
  3 polar bear simulacra (IceCv)
  3 mummies (Ossuary)
  17 gnolls
  8 adders
  4 worms
  A dart slug (D:3)
  58 orcs
  8 bats
  4 endoplasms
  4 giant cockroaches
  24 hobgoblins
  2 jackals (D:3)
  7 kobolds
  4 quokkas
  7 ball pythons
  2 frilled lizards
  2 gnoll zombies (Ossuary)
  16 goblins
  3 kobold zombies (Ossuary)
  2 orc zombies (Ossuary)
  5 rats
339 creatures vanquished.

Vanquished Creatures (collateral kills)
  Jorgrun (Orc:1)
1 creature vanquished.

Grand Total: 340 creatures vanquished

Notes
Turn   | Place    | Note
-------+----------+-------------------------------------------
     0 | D:1      | jasper the Demonspawn Reaver began the quest for the Orb.
     0 | D:1      | Reached XP level 1. HP: 16/16 MP: 3/3
   120 | D:1      | Gained mutation: You sometimes gain a little power by
                  | taking damage. [demonic ancestry]
   120 | D:1      | Reached XP level 2. HP: 18/23 MP: 5/5
   482 | D:1      | Gained mutation: You are surrounded by a mild repulsion
                  | field. (EV +2) [demonic ancestry]
   482 | D:1      | Reached XP level 3. HP: 28/28 MP: 6/6
   763 | D:2      | Found a faded altar of an unknown god.
  1015 | D:2      | Noticed Sigmund
  1092 | D:3      | Reached XP level 4. HP: 37/37 MP: 7/7
  1387 | D:4      | Noticed a phantom
  1437 | D:4      | Killed a phantom
  1438 | D:4      | Reached skill level 1 in Armour
  1438 | D:4      | Gained mutation: You have a small tail. [demonic ancestry]
  1438 | D:4      | Reached XP level 5. HP: 20/43 MP: 8/8
  1466 | D:4      | Reached skill level 5 in Fighting
  1515 | D:4      | Found a sparkling altar of Nemelex Xobeh.
  1762 | D:4      | Found a blossoming altar of Fedhas.
  1765 | D:4      | Found a stormy altar of Qazlal.
  1769 | D:4      | Found a hide-covered altar of Uskayaw.
  1788 | D:4      | Found a shadowy altar of Dithmenos.
  1895 | D:4      | Reached skill level 3 in Axes
  1895 | D:4      | Gained mutation: You sometimes gain power by taking damage.
                  | [demonic ancestry]
  1895 | D:4      | Reached XP level 6. HP: 11/51 MP: 9/9
  1951 | D:4      | Found a staircase to the Ecumenical Temple.
  1958 | Temple   | Found a transporter.
  1958 | Temple   | Found a transporter.
  1958 | Temple   | Found a transporter.
  1958 | Temple   | Found a transporter.
  1958 | Temple   | Entered the Ecumenical Temple
  1971 | Temple   | Became a worshipper of Cheibriados the Contemplative
  2378 | D:3      | Reached skill level 4 in Axes
  2762 | D:3      | Found an ancient bone altar of Kikubaaqudgha.
  2890 | D:2      | Killed Sigmund
  2891 | D:2      | Reached skill level 5 in Axes
  2891 | D:2      | Reached XP level 7. HP: 53/56 MP: 10/10
  2969 | D:2      | Reached * piety under Cheibriados
  3138 | D:2      | Found Pudwut's Distillery.
  3157 | D:2      | Identified the +2 cloak "Povoc" {rPois rN+ rCorr Dex+3}
  3176 | D:2      | Bought a potion of heal wounds for 65 gold pieces
  3176 | D:2      | Bought a potion of curing for 39 gold pieces
  3176 | D:2      | Bought a potion of lignification for 39 gold pieces
  3284 | D:5      | Entered Level 5 of the Dungeon
  3299 | D:5      | Reached skill level 6 in Axes
  3612 | D:5      | Reached skill level 7 in Axes
  3612 | D:5      | Reached XP level 8. HP: 62/62 MP: 11/11
  4136 | D:6      | Noticed Edmund
  4169 | D:6      | Killed Edmund
  4169 | D:6      | Reached ** piety under Cheibriados
  4336 | D:7      | Reached skill level 8 in Axes
  4442 | D:7      | Found a runed translucent gate.
  4442 | D:7      | Found a runed translucent gate.
  4442 | D:7      | Noticed a polar bear
  4442 | D:7      | Noticed a manticore
  4451 | D:7      | Reached skill level 9 in Axes
  4538 | D:7      | Gained mutation: You have a tail ending in a sharp stinger.
                  | [demonic ancestry]
  4538 | D:7      | Reached XP level 9. HP: 55/68 MP: 12/12
  4567 | D:7      | Found Nehovua's Armour Shop.
  4576 | D:7      | Bought a +0 pair of boots for 45 gold pieces
  4580 | D:7      | Reached *** piety under Cheibriados
  4581 | D:7      | Reached skill level 10 in Axes
  4590 | D:7      | Noticed Pikel
  4609 | D:7      | Killed Pikel
  4655 | D:7      | Found a sand-covered staircase.
  4671 | Ossuary  | Entered an ossuary
  4756 | Ossuary  | Reached skill level 11 in Axes
  4977 | D:7      | Found a runed translucent gate.
  5269 | D:7      | Found a hazy altar of Hepliaklqana.
  5376 | D:7      | Found a shimmering blue altar of Sif Muna.
  5486 | D:8      | Reached skill level 12 in Axes
  5551 | D:8      | Reached XP level 10. HP: 50/74 MP: 13/13
  5620 | D:8      | Reached **** piety under Cheibriados
  5659 | D:8      | Noticed Grum
  5667 | D:8      | Reached skill level 1 in Invocations
  5672 | D:8      | Killed Grum
  5673 | D:8      | Reached skill level 13 in Axes
  5728 | D:8      | Found a radiant altar of Vehumet.
  5736 | D:8      | Noticed Gastronok
  5753 | D:8      | Killed Gastronok
  5909 | D:9      | Noticed a death yak
  5909 | D:9      | Noticed a death yak
  5909 | D:9      | Found a staircase to the Lair.
  5910 | D:9      | Noticed a death yak
  5954 | D:9      | Noticed Maurice
  5957 | D:9      | Maurice changed into Maurice the ice beast
  5957 | D:9      | Noticed Maurice
  5959 | D:9      | Killed Maurice the ice beast
  5973 | D:10     | Entered Level 10 of the Dungeon
  5987 | D:10     | Noticed a gargoyle
  5988 | D:10     | Found a staircase to the Orcish Mines.
  5990 | D:10     | Reached ***** piety under Cheibriados
  5997 | D:10     | Killed a gargoyle
  6118 | D:10     | Noticed a two-headed ogre
  6126 | D:10     | Killed a two-headed ogre
  6127 | D:10     | Gained mutation: A meltable shield of frost defends you.
                  | (SH +4) [demonic ancestry]
  6127 | D:10     | Reached XP level 11. HP: 76/80 MP: 18/18
  6129 | D:10     | Noticed a two-headed ogre
  6131 | D:10     | Reached skill level 10 in Invocations
  6143 | D:10     | Killed a two-headed ogre
  6328 | D:10     | Found a flagged portal.
  6335 | D:10     | Identified the +0 hand axe of Yhiofo {speed, Str+6 Int+5}
  6337 | D:10     | Identified the +1 hand axe of Cowardice {venom, ^Fragile
                  | rElec rC++}
  6340 | Bailey   | Entered a bailey
  6569 | Bailey   | Noticed an orc warlord
  6582 | Bailey   | Killed an orc warlord
  6583 | Bailey   | Reached skill level 5 in Armour
  6607 | Bailey   | Acquired 699 gold pieces
  7009 | D:11     | Noticed a two-headed ogre
  7015 | D:11     | Killed a two-headed ogre
  7023 | D:11     | Found a frozen archway.
  7026 | D:11     | Noticed a deep elf pyromancer
  7031 | D:11     | Killed a deep elf pyromancer
  7061 | D:11     | Reached skill level 5 in Dodging
  7062 | D:11     | Reached ****** piety under Cheibriados
  7063 | D:11     | Noticed a two-headed ogre
  7071 | D:11     | Killed a two-headed ogre
  7085 | IceCv    | Entered an ice cave
  7142 | IceCv    | Noticed a white ugly thing
  7152 | IceCv    | Killed a white ugly thing
  7218 | D:11     | Gained mutation: You are surrounded by a moderate repulsion
                  | field. (EV +3) [demonic ancestry]
  7218 | D:11     | Reached XP level 12. HP: 92/92 MP: 19/19
  7596 | D:11     | Noticed a two-headed ogre
  7597 | D:11     | Noticed a tengu warrior
  7955 | D:12     | Learned a level 5 spell: Yara's Violent Unravelling
  8031 | Orc:1    | Entered Level 1 of the Orcish Mines
  8294 | Orc:1    | Noticed Jorgrun
  8304 | Orc:1    | Killed Jorgrun
  8411 | Orc:2    | Entered Level 2 of the Orcish Mines
  8471 | Orc:2    | Noticed Saint Roka
  8558 | Orc:2    | HP: 3/95 [Saint Roka/divine providence (13)]
  8558 | Orc:2    | Killed from afar by Saint Roka

Illustrated notes

Levels and vault maps discovered:
D:1:      nzn_arrival_depleted_hourglass, layout_rooms, glass_columns_b
D:2:      kennysheep_big_flooded_room, layout_basic, serial_shops, shop,
          nicolae_ecumenical_pavilion, uniq_sigmund
D:3:      layout_basic, nicolae_kikubaaqudgha_miasma_corner
D:4:      layout_basic, nicolae_dithmenos_shadow_blocks, zin_treasury,
          nemelex_diamond_rough_becter, nicolae_overflow_hidden_temple,
          minmay_temple_entry_hall, serial_bayou_pond_a
D:5:      layout_rooms, kennysheep_generic_room_3
D:6:      cheibrodos_fertilizer, layout_basic, uniq_edmund, uniq_maggie
D:7:      lemuel_bear_cage, layout_loops_cross, lemuel_coloured_pillars_altar,
          tgw_sif, enter_ossuary_2, serial_shops, shop,
          chequers_serial_rivers_room_b, uniq_pikel
D:8:      layout_rooms, nicolae_vehumet_radiance, uniq_grum, uniq_gastronok
D:9:      layout_basic, mainiacjoe_overflow_alcove_1, dpeg_lair_monsters,
          chequers_serial_rivers_marsh, uniq_maurice, uniq_harold
D:10:     layout_long_grid, david_orc_5, enter_bailey_2, skrybe_limestone_x
D:11:     layout_gridville, portal_ice_cave_entry_pillars_1,
          lightli_corner_chamber
D:12:     layout_gridville, uniq_snorg
Temple:   hellmonk_temple_divided_pantheon
Orc:1:    layout_diamond_mine, uniq_jorgrun
Orc:2:    pf_orc_diabolical, layout_caves, uniq_saint_roka

Skill      XL: |  1  2  3  4  5  6  7  8  9 10 11 12 |
---------------+-------------------------------------+-----
Fighting       | 3 4 5 7 9 |  9.0
Armour         | 1 3 6 7 |  7.4
Axes           | 3 5 7 9 12 13 | 13.0
Invocations    | 9 10 | 10.0
Dodging        | 2 5 6 |  6.9
Spellcasting   | |  2.0
Conjurations   | |  3.0

Action                     |  1- 3 |  4- 6 |  7- 9 | 10-12 || total
---------------------------+-------+-------+-------+-------++-------
  Melee: Hand axe          |   183 |   127 |       |       ||   310
         War axe           |       |    69 |   266 |   340 ||   675
         Tailslap          |       |    15 |    38 |    63 ||   116
         Punch             |       |       |     2 |     3 ||     5
 Invoke: Slouch            |       |       |       |     3 ||     3
  Evoke: Wand              |       |       |     6 |     5 ||    11
         Phantom mirror    |       |       |       |     1 ||     1
    Use: Potion            |       |     2 |     1 |     7 ||    10
         Scroll            |       |       |    15 |     7 ||    22
   Stab: Invisible         |       |       |     5 |     5 ||    10
 Armour: Leather armour    |    29 |       |       |       ||    29
         Scale mail        |   113 |   174 |   141 |       ||   428
         Chain mail        |       |       |    39 |       ||    39
         Plate armour      |       |       |    22 |   336 ||   358
  Dodge: Dodged            |   118 |   132 |   173 |   313 ||   736
  Block: Other             |       |       |       |    46 ||    46

Table legend: (Time is in decaauts)
 A = Elapsed time spent in this place.
 B = Non-inter-level travel time spent in this place.
 C = Inter-level travel time spent in this place.
 D = Time resting spent in this place.
 E = Time spent auto-exploring this place.
 F = Levels seen in this place.
 G = Mean time per level.
                   A        B        C        D        E       F      G
               +--------+--------+--------+--------+--------+-----+--------+
         Total |  11704 |  11124 |    580 |    368 |   7208 |  18 |  650.2 |
       Dungeon |   9888 |   9346 |    542 |    237 |   6620 |  12 |  824.0 |
        Temple |     29 |     16 |     13 |      0 |      0 |   1 |   29.0 |
  Orcish Mines |    792 |    768 |     24 |     79 |    410 |   2 |  396.0 |
       Ossuary |    332 |    332 |      0 |      0 |     93 |   1 |  332.0 |
        Bailey |    488 |    488 |      0 |     35 |     83 |   1 |  488.0 |
      Ice Cave |    173 |    173 |      0 |     17 |      0 |   1 |  173.0 |
               +--------+--------+--------+--------+--------+-----+--------+

Top non-repeatable levels by time:
    D:11: 1425 daAuts
     D:7: 1324 daAuts
    D:10: 1279 daAuts
     D:3: 1170 daAuts
     D:4: 996 daAuts
     D:5: 848 daAuts
     D:1: 786 daAuts
     D:2: 755 daAuts
   Orc:1: 678 daAuts
     D:8: 663 daAuts
     D:6: 519 daAuts
  Bailey: 488 daAuts
 Ossuary: 332 daAuts
   IceCv: 173 daAuts
   Orc:2: 113 daAuts
